 Dungeon Crawl Stone Soup version 0.30.0-29-ga12c61a403 (webtiles) character file.

Game seed: 16302216703375300591

972 BONEBRO the Cudgeller (level 8, -4/111 HPs)
             Began as a Naga Artificer on June 22, 2023.
             Was an Initiate of Okawaru.
             Slain by a vampire (10 damage)
             ... on level 6 of the Dungeon.
             The game lasted 00:21:17 (5853 turns).

BONEBRO the Cudgeller (Naga Artificer)              Turns: 5853, Time: 00:21:17

Health: -4/111     AC: 24    Str: 17    XL:     8   Next: 16%
Magic:  8/8        EV:  1    Int: 12    God:    Okawaru [......]
Gold:   348        SH:  5    Dex: 11    Spells: 7/7 levels left

rFire   . . .        s - +5 club
rCold   . . .        u - +2 buckler
rNeg    + . .        j - melded +0 scale mail
rPois   +            r - melded +2 helmet
rElec   .            (cloak currently unavailable)
rCorr   .            w - melded +0 pair of gloves
SInv    +            (no barding)
Will    +....        (no amulet)
Stlth   ++           B - ring of positive energy
HPRegen 0.38/turn    (no ring)
MPRegen 0.11/turn

%: no passive effects
@: tree-form
A: stationary, stasis, torment immunity, boosted hp, AC +2, large, see
invisible, (deformed body), (poison resistance), (slowness 2), spit poison 1,
(naga tail 1)
a: Spit Poison, Renounce Religion


You were on level 6 of the Dungeon.
You worshipped Okawaru.
Okawaru was noncommittal.
You were a tree.
You visited 2 branches of the dungeon, and saw 7 of its levels.

You collected 348 gold pieces.

Inventory:

Hand Weapons
 a - a +0 club
 s - a +5 club (weapon)
Armour
 b - a +0 leather armour
 g - a +0 helmet
 j - a +0 scale mail (melded)
 r - a +2 helmet (melded)
 u - a +2 buckler (worn)
 w - a +0 pair of gloves (melded)
Jewellery
 t - a ring of fire
 y - a ring of ice
 B - a ring of positive energy (left branch)
Wands
 d - a wand of charming (19)
 e - a wand of iceblast (4)
Scrolls
 f - a scroll of torment
 k - a scroll of brand weapon {unknown}
 m - a scroll of blinking
 n - a scroll of immolation {unknown}
 o - 2 scrolls of teleportation
 p - 2 scrolls of fog
 A - a scroll of amnesia {unknown}
 C - a scroll of silence {unknown}
 D - 2 scrolls of identify
Potions
 c - a potion of experience {unknown}
 h - 4 potions of flight
 l - a potion of mutation {unknown}
 q - 4 potions of curing
 v - 3 potions of degeneration
 x - a potion of brilliance {unknown}
 z - 2 potions of attraction {unknown}


   Skills:
 - Level 5.0 Fighting
 + Level 7.5 Maces & Flails
 - Level 1.5 Armour
 - Level 0.7 Dodging
 - Level 1.5 Stealth
 - Level 3.0 Evocations


You had 7 spell levels left.
You didn't know any spells.
Your spell library contained the following spells:

 Spells                   Type           Power      Damage    Failure   Level
 Apportation              Tloc           0%         N/A       41%         1
 Necrotise                Necr           0%         1d4       41%         1
 Hailstorm                Conj/Ice       0%         3d3       78%         3
 Vampiric Draining        Necr           0%         2d6       78%         3
 Ice Form                 Ice/Tmut       0%         N/A       99%         4
 Agony                    Necr           0%         N/A       100%        5
 Alistair's Intoxication  Tmut/Pois      0%         N/A       100%        5
 Simulacrum               Ice/Necr       Unusable   N/A       N/A         6

Dungeon Overview and Level Annotations

Branches:
Dungeon (6/15)             Temple (1/1) D:6

Altars:
Cheibriados
Dithmenos
Elyvilon
Fedhas
Gozag
Hepliaklqana
Kikubaaqudgha
Makhleb
Nemelex Xobeh
Okawaru
Qazlal
Ru
Sif Muna
Trog
Uskayaw
Vehumet
Wu Jian
Xom
Yredelemnul

Shops:
D:1 *   D:4 [

Annotations:
D:2 1 runed translucent door, Crazy Yiuf


Innate Abilities, Weirdness & Mutations

You are a tree.
Your roots penetrate the ground, keeping you stationary.
You cannot be teleported.
You are immune to unholy pain and torment.
Your maximum health is greatly increased.
Your equipment is partially melded.
((Your serpentine skin is tough. (AC +2)))
You have supernaturally acute eyesight. (SInv)
((Armour fits poorly on your strangely shaped body.))
((Your system is resistant to poisons. (rPois)))
((You cover ground very slowly.))
You can spit poison.
((You have a snake-like lower body.))


Message History

The vampire draws strength from your injuries!
You sock the vampire!
The vampire is moderately damaged.
The vampire hits you! You block the vampire's attack.
You hit the vampire.
The vampire is moderately damaged.
The vampire completely misses you. The vampire bites you!
The vampire draws strength from your injuries!
The vampire hits you!
* * * LOW HITPOINT WARNING * * *
The vampire bites you!
* * * LOW HITPOINT WARNING * * *
The vampire draws strength from your injuries!
Aiming: Iceblast
Press: ? - help, Shift-Dir - straight line, p - vampire
Okay, then.
Really quaff the potion of lignification?
You turn into a tree.
Your +2 helmet melds into your body.
Your +0 pair of gloves melds into your body.
Your +0 scale mail melds into your body.
Your roots penetrate the ground.
The vampire hits you but does no damage.
The vampire bites you.
* * * LOW HITPOINT WARNING * * *
You hit the vampire.
The vampire is moderately damaged.
You hit the vampire.
The vampire is moderately damaged.
The vampire completely misses you.
The vampire bites you but does no damage.
You hit the vampire.
The vampire is heavily damaged.
The vampire hits you but does no damage.
The vampire bites you but does no damage.
You barely miss the vampire.
The vampire is heavily damaged.
The vampire hits you!
* * * LOW HITPOINT WARNING * * *
The vampire bites you!
You die...

....###.#.#######
............# ....#
#.#.#
.......###....
###.###.#.#
........ #.#.#
#.....#.# ... ...
#...# #######.# #..
##### #.# ##.. #.#
#.. ## #V######Z##
#♣.'.##h#w##
#..#.#####.#
####..._#o#
##.8.### #_..### #
####...# ##
#.####'#######.
#####...#..##......
#...........#....e.


You could see a vampire (invisible).

Vanquished Creatures
  Duvessa (Temple)
  A water moccasin (D:6)
  A black bear (D:5)
  An ogre (D:6)
  3 scorpions
  Dowan (Temple)
  2 jellies
  2 iguanas
  Robin (D:2)
  8 adders
  8 gnolls
  2 orcs
  10 endoplasms
  3 giant cockroaches (D:1)
  12 goblins
  11 hobgoblins
  3 jackals
  4 quokkas
  10 ball pythons
  5 bats
  6 frilled lizards
  7 kobolds
  5 rats
107 creatures vanquished.

Notes
Turn   | Place    | Note
-------+----------+-------------------------------------------
     0 | D:1      | BONEBRO the Naga Artificer began the quest for the Orb.
     0 | D:1      | Reached XP level 1. HP: 18/18 MP: 1/1
    36 | D:1      | Found Asonluf's Assorted Antiques.
   140 | D:1      | Reached XP level 2. HP: 14/26 MP: 2/2
   415 | D:1      | Reached XP level 3. HP: 33/33 MP: 3/3
  1036 | D:2      | Found a runed translucent door.
  1037 | D:2      | Noticed Crazy Yiuf
  1196 | D:2      | Found a radiant altar of Vehumet.
  1304 | D:2      | Noticed Robin
  1318 | D:2      | Killed Robin
  1319 | D:2      | Reached XP level 4. HP: 11/44 MP: 4/4
  1767 | D:2      | Identified the +0 robe of Ignis's Delight {rF- Int+7}
  2167 | D:3      | Reached XP level 5. HP: 34/51 MP: 5/5
  2409 | D:3      | Found Gohefoh's Weapon Boutique.
  2455 | D:3      | Reached skill level 5 in Fighting
  2861 | D:3      | Reached skill level 2 in Maces & Flails
  3269 | D:4      | Reached XP level 6. HP: 33/61 MP: 6/6
  3281 | D:4      | Reached skill level 3 in Maces & Flails
  3772 | D:4      | Found Ysoijy's Antique Armour Emporium.
  3831 | D:4      | Identified the +5 scale mail of Xiof {Harm rF+}
  4295 | D:5      | Entered Level 5 of the Dungeon
  4324 | D:5      | Reached skill level 4 in Maces & Flails
  4365 | D:5      | Reached XP level 7. HP: 41/67 MP: 7/7
  4500 | D:5      | Found an ornate altar of the Wu Jian Council.
  4577 | D:5      | Noticed a +0 spear
  4578 | D:5      | Noticed a +0 falchion
  4578 | D:5      | Noticed a +0 dagger
  4578 | D:5      | Noticed a +0 short sword
  4682 | D:5      | Reached skill level 5 in Maces & Flails
  4942 | D:5      | Found a hide-covered altar of Uskayaw.
  4943 | D:5      | Noticed a +0 dagger
  4943 | D:5      | Noticed a +0 spear
  4944 | D:5      | Noticed a +0 short sword
  4945 | D:5      | Noticed a +0 falchion
  5177 | D:6      | Reached skill level 6 in Maces & Flails
  5268 | D:6      | Found a staircase to the Ecumenical Temple.
  5276 | D:6      | Noticed Dowan
  5277 | D:6      | Noticed Duvessa
  5292 | Temple   | Entered the Ecumenical Temple
  5379 | Temple   | Killed Duvessa
  5407 | Temple   | Killed Dowan
  5408 | Temple   | Reached skill level 7 in Maces & Flails
  5408 | Temple   | Reached XP level 8. HP: 52/74 MP: 8/8
  5583 | Temple   | Became a worshipper of Warmaster Okawaru
  5827 | D:6      | Found a hazy altar of Hepliaklqana.
  5828 | D:6      | Found a shimmering altar of Xom.
  5829 | D:6      | Noticed a spectral ugly thing
  5829 | D:6      | Noticed a torpor snail
  5839 | D:6      | Noticed a vampire
  5853 | D:6      | Slain by a vampire

Illustrated notes

Levels and vault maps discovered:
D:1:      amcnicky_arrival_flooded_fountain, layout_loops_cross, serial_shops,
          shop, minmay_small_reverse_x
D:2:      layout_loops_ring, basic_altar, wander_ebering_terrifying_dragon_lair,
          uniq_robin, uniq_crazy_yiuf_cottage
D:3:      layout_basic, serial_shops, shop
D:4:      layout_basic, serial_shops, shop, minmay_misc_feat_room,
          minmay_liquid_box
D:5:      layout_rooms, nicolae_uskayaw_en_pointe, nicolae_wu_jian_wuxing_cycle
D:6:      layout_basic, regret_index_temple_of_mockery,
          minmay_temple_entry_wispy, uniq_duvessa
Temple:   nicolae_temple_no_exploring_needed

Skill      XL: |  1  2  3  4  5  6  7 |
---------------+----------------------+-----
Fighting       | 2 3 4 5 |  5.0
Maces & Flails | 2 4 7 |  7.5
Armour         | |  1.5
Dodging        | |  0.7
Stealth        | |  1.5
Evocations     | |  3.0

Action                     |  1- 3 |  4- 6 |  7- 9 || total
---------------------------+-------+-------+-------++-------
  Melee: Club              |   171 |   170 |   108 ||   449
Ability: Spit Poison       |     6 |     5 |     5 ||    16
  Evoke: Wand              |     8 |     8 |     2 ||    18
    Use: Scroll            |       |       |     9 ||     9
         Potion            |       |       |     7 ||     7
   Stab: Sleeping          |     1 |       |       ||     1
 Armour: Leather armour    |    21 |       |       ||    21
         Scale mail        |   110 |    89 |    58 ||   257
         Skin              |       |       |    13 ||    13
  Dodge: Dodged            |   108 |    47 |    31 ||   186
  Block: Buckler           |       |    50 |    29 ||    79
